 Dungeon Crawl Stone Soup version 0.29.0-4-gdea44cf6ec (webtiles) character file.

Game seed: 6402673329491079972

103 qw the Chopper (level 4, -12/28 HPs)
             Began as a Gargoyle Fighter on Sept 7, 2022.
             Mangled by a hell rat (14 damage)
             ... in a sewer.
             The game lasted 00:01:07 (2226 turns).

qw the Chopper (Gargoyle Fighter)                   Turns: 2226, Time: 00:01:08

Health: -12/28     AC: 11    Str: 21    XL:     4   Next: 79%
Magic:  4/4        EV:  9    Int:  9    God:
Gold:   158        SH:  4    Dex:  9    Spells: 3/3 levels left

rFire   . . .      SeeInvis .   Y - +0 war axe
rCold   . . .      Faith    .   c - +0 buckler
rNeg    + . .      Spirit   .   b - +0 scale mail
rPois   inf        Reflect  .   (no helmet)
rElec   +          Harm     .   (no cloak)
rCorr   .          Rampage  .   f - +0 pair of gloves
Will    .....                   (no boots)
Stlth   ..........              (no amulet)
HPRegen 0.09/turn               (no ring)
MPRegen 0.09/turn               (no ring)

@: about to teleport
A: sickness immunity, AC +3, negative energy resistance 1, electricity
resistance, torment resistance 1, petrification resistance
a: no special abilities


You were in a sewer.
You visited 1 branch of the dungeon, and saw 3 of its levels.
You also visited: Sewer.

You collected 158 gold pieces.


Innate Abilities, Weirdness & Mutations

You are immune to sickness and miasma.
Your stone body is resilient. (AC +3)
You are immune to poison.
You resist negative energy. (rN+)
You are resistant to electric shocks. (rElec)
You are resistant to unholy torment.
You are immune to petrification.


   Skills:
 - Level 3.2 Fighting
 + Level 4.4 Axes
 - Level 3.2 Armour
 - Level 3.2 Shields


You had 3 spell levels left.
You didn't know any spells.
Your spell library was empty.

Inventory:

Hand Weapons
 e - a +0 whip
 Y - a +0 war axe (weapon)
Armour
 b - a +0 scale mail (worn)
 c - a +0 buckler (worn)
 f - a +0 pair of gloves (worn)
Scrolls
 a - a scroll of teleportation
 k - a scroll of identify
Potions
 d - 2 potions of might
 g - 2 potions of resistance
 h - a potion of flight {unknown}
 m - a potion of mutation {unknown}

Dungeon Overview and Level Annotations

Branches:
Dungeon (3/15)              Sewer (1/1)

Altars:
Yredelemnul

Shops:
D:2 =


Message History

You kill the rat!
The rat bites you but does no damage.
You closely miss the rat. The rat bites you but does no damage.
You hit the rat.
You kill the rat!
A rat comes into view.
You see here a rat corpse.
You slash the rat!
You kill the rat!
You open the door.
A hell rat comes into view.
The hell rat roars deafeningly!
Found five items.
Found a gate leading back out of this place.
You barely miss the hell rat. The hell rat closely misses you.
You hit the hell rat.
The hell rat is moderately wounded.
The hell rat closely misses you. You block the hell rat's attack.
You barely miss the hell rat.
The hell rat is moderately wounded.
You block the hell rat's attack.
The hell rat twitches its whiskers.
The hell rat bites you.
You hit the hell rat but do no damage.
The hell rat is moderately wounded.
You block the hell rat's attack.
You barely miss the hell rat.
The hell rat is moderately wounded.
The hell rat bites you! x2
2225 ||| READING 2 scrolls of teleportation.
As you read the scroll of teleportation, it crumbles to dust.
You feel strangely unstable. The hell rat barely misses you.
You closely miss the hell rat.
The hell rat is moderately wounded.
The hell rat bites you!
Ouch! That really hurt!
You die...

~.~..~. ##.~
~~~# #.~.
~..# ##..
##~.## #~..
..#~.~# #..#
~.!##~~#
#~~#~~~!!#~~#
#~@r~~~?\#\\#
#~.#~~~?!#~%#
#.%##~~?##~.#
#.%~# ~~#.~~#
##.~## ##~.##
#...###~~.#
##...~%..##
#~~~.%..#
###..~###


You could see a hell rat.

Vanquished Creatures
  2 river rats (D:3)
  2 adders (D:3)
  2 worms
  2 bats
  4 endoplasms
  3 giant cockroaches
  4 goblins
  7 hobgoblins
  4 jackals (D:1)
  A quokka (D:2)
  8 ball pythons
  2 frilled lizards
  3 kobolds
  16 rats
60 creatures vanquished.

Vanquished Creatures (others)
  2 plants (D:3)
2 creatures vanquished.

Grand Total: 62 creatures vanquished

Notes
Turn   | Place    | Note
-------+----------+-------------------------------------------
     0 | D:1      | qw the Gargoyle Fighter began the quest for the Orb.
     0 | D:1      | Reached XP level 1. HP: 14/14 MP: 1/1
     0 | D:1      | 0 ||| qw: Version: 0.1-a-108-g9e35731
     0 | D:1      | 0 ||| qw: Game counter: 6474
     0 | D:1      | 0 ||| qw: Always use a shield: true
     0 | D:1      | 0 ||| qw: God list: Okawaru
     0 | D:1      | 0 ||| qw: Allow faded altars: false
     0 | D:1      | 0 ||| qw: Do Orc after D:15 true
     0 | D:1      | 0 ||| qw: Do second Lair branch before Depths: true
     0 | D:1      | 0 ||| qw: Lair rune preference: random
     0 | D:1      | 0 ||| qw: Plans: Normal, Zot, God:TSO, Crypt, Tomb, Zig,
                  | Orb
     0 | D:1      | 0 ||| PLANNING D:1-11
    99 | D:1      | Reached skill level 2 in Axes
   143 | D:1      | Reached XP level 2. HP: 19/19 MP: 2/2
   144 | D:1      | 144 ||| READING 2 scrolls labelled PEWKIP TONLUBY.
   242 | D:1      | 242 ||| Stepping ~*~*~tactically~*~*~ (stealth).
   243 | D:1      | 243 ||| Stepping ~*~*~tactically~*~*~ (stealth).
   391 | D:1      | Reached skill level 3 in Axes
   405 | D:1      | Found a faded altar of an unknown god.
   689 | D:1      | 689 ||| READING scroll labelled UMOXAO FYOBOGU.
   690 | D:1      | 690 ||| DRINKING 2 coppery potions.
   726 | D:2      | Reached XP level 3. HP: 22/23 MP: 3/3
   745 | D:2      | 745 ||| DROPPING +0 club.
   789 | D:2      | Identified the +3 leather armour "Teon" {Str+5}
   931 | D:2      | 931 ||| Stepping ~*~*~tactically~*~*~ (stealth).
  1043 | D:2      | Found Uwiz's Jewellery Shop.
  1051 | D:2      | 1051 ||| SHOPLISTING amulet of guardian spirit (420 gold,
                  | have 128).
  1051 | D:2      | 1051 ||| SHOPLISTING ring of fire (350 gold, have 128).
  1051 | D:2      | 1051 ||| SHOPLISTING ring of ice (350 gold, have 128).
  1051 | D:2      | 1051 ||| SHOPLISTING ring of protection from cold (350
                  | gold, have 128).
  1525 | D:2      | 1525 ||| UPGRADING to +0 pair of gloves.
  1530 | D:2      | 1530 ||| DROPPING +3 leather armour "Teon" {Str+5}.
  1531 | D:2      | 1531 ||| DROPPING +6 ring of intelligence.
  1532 | D:2      | 1532 ||| READING 2 scrolls labelled FODIAC JEROW.
  1533 | D:2      | 1533 ||| DRINKING 2 orange potions.
  1534 | D:2      | 1534 ||| DROPPING scroll of butterflies.
  1535 | D:2      | 1535 ||| DROPPING potion of brilliance.
  1564 | D:3      | 1564 ||| PLANNING SEWER
  1574 | D:3      | 1574 ||| Stepping ~*~*~tactically~*~*~ (stealth).
  1587 | D:3      | Found a basalt altar of Yredelemnul.
  1595 | D:3      | 1595 ||| Stepping ~*~*~tactically~*~*~ (stealth).
  1757 | D:3      | Reached XP level 4. HP: 28/28 MP: 4/4
  1923 | D:3      | Reached skill level 4 in Axes
  2102 | D:3      | 2102 ||| Stepping ~*~*~tactically~*~*~ (stealth).
  2126 | D:3      | Found a glowing drain.
  2127 | D:3      | 2127 ||| READING scroll labelled BAYTIA ZOAPH.
  2128 | D:3      | 2128 ||| READING scroll labelled URILEHINET.
  2137 | Sewer    | Entered a sewer
  2155 | Sewer    | 2155 ||| Stepping ~*~*~tactically~*~*~ (water).
  2224 | Sewer    | HP: 2/28 [hell rat (12)]
  2225 | Sewer    | 2225 ||| READING 2 scrolls of teleportation.
  2226 | Sewer    | Mangled by a hell rat

Levels and vault maps discovered:
D:1:      lemuel_arrival_room, layout_loops_ring,
          chequers_ecumenical_altar_simple_redux, due_unseen_surprise
D:2:      layout_basic, serial_shops, shop
D:3:      layout_basic, old_standard_altar, portal_sewer_entry_b, st_stairs_12,
          saegor_snake_ambush
Sewer:    sewer_hellmonk_bad_rat

Skill      XL: |  1  2  3  4 |
---------------+-------------+-----
Axes           | 2 3 4 |  4.4
Fighting       | |  3.2
Armour         | |  3.2
Shields        | |  3.2

Action                   |  1- 3 |  4- 6 || total
-------------------------+-------+-------++-------
Melee: War axe           |   108 |    66 ||   174
  Use: Scroll            |     3 |     3 ||     6
       Potion            |     2 |       ||     2
Armor: Scale mail        |    51 |    28 ||    79
Dodge: Dodged            |    53 |    25 ||    78
Block: Buckler           |    16 |    14 ||    30

Table legend:
 A = Non-vault XP
 B = Vault XP
 C = Vault XP percentage of total XP
 D = Non-vault monster count
 E = Vault monster count
 F = Vault count percentage of total count
                 A         B        C        D         E       F
            +---------+---------+-------+---------+---------+-------
      Total |      90 |      58 |  39.2 |      42 |      18 |  30.0
            +---------+---------+-------+---------+---------+-------
        D:1 |      33 |       0 |   0.0 |      19 |       0 |   0.0
        D:2 |      18 |       0 |   0.0 |       8 |       0 |   0.0
        D:3 |      39 |      49 |  55.7 |      15 |       9 |  37.5
      Sewer |       0 |       9 | 100.0 |       0 |       9 | 100.0
            +---------+---------+-------+---------+---------+-------
